 Dungeon Crawl Stone Soup version 0.18-a0-946-g3ac5b32 (webtiles) character file.

108 filipzpl the Magician (level 4, -1/24 HPs)
             Began as a Deep Elf Wizard on Dec 29, 2015.
             Was an Initiate of Vehumet.
             Killed by static electricity
             ... invoked by PinkishYellow's ghost
              (2 damage)
             ... on level 3 of the Dungeon.
             The game lasted 00:15:01 (3178 turns).

filipzpl the Magician (Deep Elf Wizard)             Turns: 3178, Time: 00:15:05

Health: -1/24      AC:  3    Str:  4    XL:     4   Next: 58%
Magic:  14/14      EV: 12    Int: 24    God:    Vehumet [......]
Gold:   156        SH:  6    Dex: 13    Spells: 4 memorised, 6 levels left

rFire  . . .     SeeInvis .     (no weapon)
rCold  . . .     Gourm    .     a - +0 robe
rNeg   . . .     Faith    .     o - +0 buckler
rPois  +         Spirit   .     b - +1 hat
rElec  .         Dismiss  .     (no cloak)
rCorr  .         Reflect  +     (no gloves)
SustAt .         Harm     .     (no boots)
MR     .....                    n - +3 amulet of reflection
Stlth  ++........               (no ring)
                                q - ring of poison resistance

@: not resistant to hostile enchantments, unstealthy
A: no striking features
a: Renounce Religion


You were on level 3 of the Dungeon.
You worshipped Vehumet.
Vehumet was noncommittal.
You were near starving.

You visited 1 branch of the dungeon, and saw 3 of its levels.

You collected 156 gold pieces.

Inventory:

Armour
 a - a +0 robe (worn)
 b - a +1 hat (worn)
 f - a +0 large shield of resistance
 o - a +0 buckler (worn)
Jewellery
 n - a +3 amulet of reflection (around neck)
 q - a ring of poison resistance (left hand)
Wands
 k - a wand of teleportation (4/9)
Scrolls
 i - a scroll of blinking
 m - a scroll of remove curse
 r - a scroll of fog
 t - a scroll of amnesia
Potions
 e - a potion of flight
 g - 2 potions of agility
 j - a potion of degeneration {unknown}
 l - a potion of heal wounds {unknown}
 w - a potion of haste {unknown}
Books
 c - a book of Minor Magic

   Spells                             Type                      Level
   a - Magic Dart                     Conjuration                  1
   b - Blink                          Translocation                2
   c - Call Imp                       Summoning                    2
   d - Repel Missiles                 Charms/Air                   2
   e - Slow                           Hexes                        2
   f - Conjure Flame                  Conjuration/Fire             3
   g - Mephitic Cloud                 Conjuration/Poison/Air       3
Comestibles
 d - 2 bread rations
 h - 2 meat rations
 p - 2 slices of pizza
 u - a beef jerky


   Skills:
 - Level 2.4 Dodging
 - Level 2.4 Stealth
 - Level 6.3 Spellcasting
 - Level 2.7 Conjurations
   Level 1.1 Summonings
 - Level 1.1 Translocations
 * Level 1.4 Fire Magic


You had 6 spell levels left.
You knew the following spells:

 Your Spells              Type           Power        Failure   Level  Hunger
a - Magic Dart            Conj           ###.         6%          1    None
b - Conjure Flame         Conj/Fire      ###.....     17%         3    None
c - Mephitic Cloud        Conj/Pois/Air  ##......     34%         3    None
d - Blink                 Tloc           N/A          14%         2    None


Dungeon Overview and Level Annotations

Branches:
Dungeon (3/15)

Altars:
Makhleb
Vehumet

Annotations:
D:3 PinkishYellow's ghost, amateur TeAE


Message History

There is an open door here.
PinkishYellow's ghost shrieks, "You will join me soon!"
There is an open door here.
There is an open door here.
There is an open door here.
There is an open door here.
There is an open door here.
You are near starving!
PinkishYellow's ghost mumbles some strange words.
You are struck by lightning.
* * * LOW HITPOINT WARNING * * *
The lightning grounds out.
PinkishYellow's ghost screams, "Very impressive.
But it won't help.
Nothing will."
PinkishYellow's ghost casts a spell.
You are struck by lightning.
* * * LOW HITPOINT WARNING * * *
The lightning arcs!
PinkishYellow's ghost is struck by lightning.
The lightning arcs!
You are struck by lightning.
You die...

#. #.#
########################
#.###.........W@...........#
#...§.....########.........#
#..§.§....# #.........#
#..§§.....# #.........#
##..§)§....# #.........#####
.....§.....# #..<......##...
##.#.......# ##..#..####..##
.#.##......# #######..#..#
#..#
.#.........###....##..#..#
#..##


You could see PinkishYellow's ghost.

Vanquished Creatures
  4 adders
  A worm (D:3)
  2 giant geckos (D:2)
  6 giant cockroaches
  10 goblins
  11 hobgoblins
  7 kobolds
  A ball python (D:3)
  11 bats
  5 giant newts
  2 jackals (D:3)
  6 rats
66 creatures vanquished.

Vanquished Creatures (others)
  A bat (D:3)
1 creature vanquished.

Grand Total: 67 creatures vanquished

Notes
Turn   | Place    | Note
--------------------------------------------------------------
     0 | D:1      | filipzpl the Deep Elf Wizard began the quest for the Orb.
     0 | D:1      | Reached XP level 1. HP: 10/10 MP: 7/7
   178 | D:1      | Reached XP level 2. HP: 15/15 MP: 5/9
   251 | D:1      | Reached skill level 5 in Spellcasting
  1131 | D:1      | Reached XP level 3. HP: 19/19 MP: 9/11
  1301 | D:1      | Learned a level 3 spell: Conjure Flame
  1305 | D:1      | Learned a level 3 spell: Mephitic Cloud
  1308 | D:1      | Learned a level 2 spell: Blink
  1667 | D:2      | Reached skill level 6 in Spellcasting
  1964 | D:2      | Reached XP level 4. HP: 24/24 MP: 11/14
  2471 | D:3      | Reached skill level 1 in Fire Magic
  2622 | D:3      | Found a burning altar of Makhleb.
  2896 | D:3      | Found a radiant altar of Vehumet.
  2904 | D:3      | Became a worshipper of Vehumet
  2926 | D:3      | Noticed PinkishYellow's ghost (amateur TeAE)
  3178 | D:3      | HP: 1/24 [PinkishYellow's ghost/static electricity (6)]
  3178 | D:3      | Killed from afar by PinkishYellow's ghost

Vault maps used:
D:1:      erik_arrival_cave_to_civilisation, minmay_misc_feat_iff
D:3:      fiery_altar_vehumet, lemuel_coloured_pillars_altar,
          lemuel_doored_altar

Action                   |  1- 3 |  4- 6 || total
-------------------------+-------+-------++-------
 Cast: Magic Dart        |   104 |    50 ||   154
       Conjure Flame     |       |     3 ||     3
       Mephitic Cloud    |       |     1 ||     1
  Use: Scroll            |       |    14 ||    14
  Eat: Chunk             |     1 |     4 ||     5
